 Dungeon Crawl Stone Soup version 0.29-a0-509-g793eeb5391 (webtiles) character file.

Game seed: 15517059033238163849

73 Bruhh the Ogre Mage (level 4, -1/61 HPs)
             Began as an Ogre Transmuter on May 28, 2022.
             Succumbed to an orc wizard's poison
             ... on level 3 of the Dungeon.
             The game lasted 00:02:16 (2006 turns).

Bruhh the Ogre Mage (Ogre Transmuter)               Turns: 2006, Time: 00:02:16

Health: -1/61      AC: 22    Str: 14    XL:     4   Next: 27%
Magic:  7/9        EV:  1    Int: 16    God:
Gold:   152        SH:  0    Dex:  9    Spells: 9/10 levels left

rFire   . . .      SeeInvis .     - Unarmed
rCold   . . .      Faith    .   (no shield)
rNeg    . . .      Spirit   .   (body armour currently unavailable)
rPois   +          Reflect  .   (helmet currently unavailable)
rElec   .          Harm     .   (cloak currently unavailable)
rCorr   .          Rampage  .   (gloves unavailable)
Will    .....      NoTele   +   (boots unavailable)
Stlth   +.........              (no amulet)
HPRegen 0.20/turn               (no ring)
MPRegen 0.11/turn               (no ring)

@: lethally poisoned (-1 -> -15), tree-form
A: stationary, stasis, torment immunity, boosted hp, large, unfitting armour,
(tough skin 1)
a: no special abilities


You were on level 3 of the Dungeon.
You were a tree.
You visited 1 branch of the dungeon, and saw 3 of its levels.

You collected 152 gold pieces.

Inventory:

Armour
 a - a +0 robe (melded)
Jewellery
 e - a ring of willpower
Scrolls
 c - 3 scrolls of identify {unknown}
 d - 3 scrolls of teleportation {unknown}
Potions
 b - a potion of lignification


   Skills:
 - Level 1.3 Fighting
 - Level 1.7 Dodging
 + Level 3.3 Unarmed Combat
 + Level 3.5 Spellcasting
 + Level 2.6 Transmutations


You had 9 spell levels left.
You knew the following spells:

 Your Spells              Type           Power      Damage    Failure   Level
a - Beastly Appendage     Tmut           22%        N/A       6%          1

Your spell library contained the following spells:

 Spells                   Type           Power      Damage    Failure   Level
 Wereblood                Tmut           11%        N/A       9%          2
 Apportation              Tloc           4%         N/A       19%         1
 Spider Form              Tmut/Pois      7%         N/A       30%         3
 Ozocubu's Armour         Ice            2%         N/A       47%         3
 Ice Form                 Ice/Tmut       7%         N/A       71%         4
 Alistair's Intoxication  Tmut/Pois      4%         N/A       96%         5
 Ozocubu's Refrigeration  Ice            1%         4d5       100%        7


Dungeon Overview and Level Annotations

Branches:
Dungeon (2/15)

Altars:


Innate Abilities, Weirdness & Mutations

You are a tree.
Your roots penetrate the ground, keeping you stationary.
You cannot be teleported.
You are immune to unholy pain and torment.
Your maximum health is greatly increased.
Your equipment is partially melded.
You are too large for most types of armour.
((You have tough skin. (AC +1)))


Message History

You hear some strange, mumbled words.
A puff of flame appears from out of thin air!
The puff of flame hits you.
You nearly hit yourself!
You hear some strange, mumbled words.
A magic dart appears from out of thin air!
The magic dart hits you but does no damage.
You cannot move. (Use ctrl+direction or * direction to attack while stationary and confused.)
You attack the rock wall.
Something hits you but does no damage.
You are poisoned.
You attack the rock wall.
You feel sick. Something hits you but does no damage.
You are more poisoned.
You miss something.
You feel less confused.
* * * LOW HITPOINT WARNING * * *
You feel very sick.
You hear some strange, mumbled words.
A magic dart appears from out of thin air!
The magic dart hits you but does no damage.
Okay, then.
You hit something.
You feel sick. Something hits you but does no damage.
You hit something.
You feel sick.
You hear some strange, mumbled words.
A puff of flame appears from out of thin air!
The puff of flame hits you but does no damage.
You barely miss something.
You feel sick. Something hits you but does no damage.
You are lethally poisoned!
You hit something but do no damage.
* * * LOW HITPOINT WARNING * * *
You feel sick. Something hits you but does no damage.
You are more poisoned.
You smack something!
Reactivating autopickup.
You feel a bit more experienced.
* * * LOW HITPOINT WARNING * * *
You feel very sick.
You have reached level 4!
Okay, then.
You die...

#.##≈≈≈≈≈##.#..######
#....≈≈≈≈≈............
#..##≈≈≈≈#####..#####
). #≈≈≈≈≈# #..#
#≈≈≈≈≈# #..# #≈≈≈≈#
#..# ##..#
#..)#####.##
#.#♣).......
#.#######.## #. #. #.
#. #.


There were no monsters in sight!

Vanquished Creatures
  An orc wizard (D:3)
  2 adders (D:2)
  A worm (D:3)
  4 orcs (D:3)
  3 ball pythons (D:1)
  4 bats
  2 endoplasms (D:2)
  A giant cockroach (D:2)
  A goblin (D:1)
  A hobgoblin (D:1)
  A quokka (D:1)
  A frilled lizard (D:2)
  2 kobolds
  A rat (D:3)
25 creatures vanquished.

Notes
Turn   | Place    | Note
-------+----------+-------------------------------------------
     0 | D:1      | Bruhh the Ogre Transmuter began the quest for the Orb.
     0 | D:1      | Reached XP level 1. HP: 19/19 MP: 3/3
   451 | D:1      | Reached XP level 2. HP: 25/27 MP: 3/5
   563 | D:1      | Found a faded altar of an unknown god.
   988 | D:2      | Reached XP level 3. HP: 10/33 MP: 5/7
  1720 | D:2      | You fall into a shaft and drop 1 floor!
  2005 | D:3      | HP: 1/49 [poisoned by an orc wizard]
  2006 | D:3      | Reached XP level 4. HP: 2/41 MP: 7/9
  2006 | D:3      | Succumbed to an orc wizard's poison

Illustrated notes

Levels and vault maps discovered:
D:1:      eino_arrival_cavern_e, layout_basic, chequers_ecumenical_altar_island
D:2:      layout_basic
D:3:      wander_river, layout_loops_ring, lemuel_round_altar

Skill      XL: |  1  2 |
---------------+-------+-----
Transmutations | 2 |  2.6
Unarmed Combat | 3 |  3.3
Spellcasting   | 3 |  3.5
Fighting       | |  1.3
Dodging        | |  1.7

Action                   |  1- 3 |  4- 6 || total
-------------------------+-------+-------++-------
Melee: Unarmed           |    96 |       ||    96
       Kick              |    15 |       ||    15
       Headbutt          |     7 |       ||     7
       Punch             |     2 |       ||     2
 Cast: Beastly Appendage |    20 |       ||    20
  Use: Potion            |     1 |       ||     1
Armor: Robe              |    30 |       ||    30
       Skin              |    13 |       ||    13
Dodge: Dodged            |    38 |       ||    38

Table legend: (Time is in decaauts)
 A = Elapsed time spent in this place.
 B = Non-inter-level travel time spent in this place.
 C = Inter-level travel time spent in this place.
 D = Time resting spent in this place.
 E = Time spent auto-exploring this place.
 F = Levels seen in this place.
 G = Mean time per level.
                   A        B        C        D        E       F      G
               +--------+--------+--------+--------+--------+-----+--------+
         Total |   2015 |   1955 |     60 |    349 |   1365 |   3 |  671.7 |
       Dungeon |   2015 |   1955 |     60 |    349 |   1365 |   3 |  671.7 |
               +--------+--------+--------+--------+--------+-----+--------+

Top non-repeatable levels by time:
     D:1: 1292 daAuts
     D:2: 430 daAuts
     D:3: 292 daAuts
